 Dungeon Crawl Stone Soup version 0.23.2-40-g277498a (webtiles) character file.

Game seed: 1079056515282535628

256 hotel309 the Chopper (level 6, -3/53 HPs)
             Began as a Hill Orc Fighter on Oct 23, 2019.
             Was an Initiate of Beogh.
             Slain by an iguana (10 damage)
             ... on level 4 of the Dungeon.
             The game lasted 00:10:02 (2364 turns).

hotel309 the Chopper (Hill Orc Fighter)             Turns: 2364, Time: 00:10:03

Health: -3/53      AC:  9    Str: 21    XL:     6   Next: 16%
Magic:  6/6        EV:  7    Int:  8    God:    Beogh [......]
Gold:   187        SH:  9    Dex: 10    Spells: 5/5 levels left

rFire    . . .     SeeInvis .   a - +0 war axe
rCold    . . .     Gourm    .   c - +0 shield
rNeg     . . .     Faith    .   b - +0 scale mail
rPois    .         Spirit   .   (no helmet)
rElec    .         Reflect  .   (no cloak)
rCorr    .         Harm     .   t - +0 pair of gloves
MR       .....     Rnd*Tele +   e - +0 pair of boots
Stlth    ..........             (no amulet)
HPRegen  0.17/turn              j - ring of teleportation (curse)
MPRegen  0.10/turn              (no ring)

@: no status effects
A: no striking features
a: Renounce Religion


You were on level 4 of the Dungeon.
You worshipped Beogh.
Beogh was noncommittal.
You were not hungry.

You visited 1 branch of the dungeon, and saw 4 of its levels.

You collected 187 gold pieces.

Inventory:

Hand Weapons
 a - a +0 war axe (weapon)
Armour
 b - a +0 scale mail (worn)
 c - a +0 shield (worn)
 e - a +0 pair of boots (worn)
 i - a +0 large shield
 o - a +0 chain mail
 t - a +0 pair of gloves (worn)
Jewellery
 j - a cursed ring of teleportation (left hand)
Scrolls
 l - a scroll of amnesia
 m - a scroll of fog
 n - a scroll of identify
 p - a scroll of remove curse
 q - 2 scrolls of teleportation {unknown}
 u - a scroll of immolation
Potions
 d - a potion of might
 g - a potion of lignification
 h - a potion of flight {unknown}
 k - a potion of brilliance {unknown}
 r - a potion of curing {unknown}
 s - a potion of degeneration {unknown}
Comestibles
 f - 7 rations


   Skills:
 + Level 4.4 Fighting
 + Level 5.9 Axes
 - Level 4.1 Armour
 - Level 0.7 Dodging
 - Level 0.1 Stealth
 - Level 4.3 Shields


You had 5 spell levels left.
You didn't know any spells.
Your spell library was empty.

Dungeon Overview and Level Annotations

Branches:
Dungeon (4/15)
 Temple: D:4-7

Altars:
Dithmenos


Message History

* * * LOW HITPOINT WARNING * * *
You hit the iguana but do no damage.
The iguana is severely wounded.
The iguana bites you.
* * * LOW HITPOINT WARNING * * *
You hit the iguana.
The iguana is almost dead.
You block the iguana's attack.
Your shield prevents you from hitting the iguana.
The iguana is almost dead.
The iguana closely misses you. The iguana bites you.
* * * LOW HITPOINT WARNING * * *
You closely miss the iguana.
The iguana is almost dead.
The iguana bites you.
* * * LOW HITPOINT WARNING * * *
You barely miss the iguana.
The iguana is almost dead.
The iguana bites you!
You die...

.#####
##.#<#.
#.....
###....#
+# ......#
...
.....#....
#[.....o.
#†l†.##...
#.@.......
#...##....
#...# ..
##+##


You could see an iguana and a neutral orc (wandering).

Vanquished Creatures
  An ogre (D:4)
  2 worker ants (D:4)
  4 adders
  2 oozes (D:4)
  4 worms
  A dart slug (D:2)
  4 leopard geckos (D:4)
  2 orcs
  4 giant cockroaches
  6 goblins
  6 hobgoblins
  3 jackals (D:3)
  4 kobolds
  A quokka (D:2)
  7 bats
  6 frilled lizards
  12 rats
69 creatures vanquished.

Vanquished Creatures (others)
  An orc priest (D:4)
  A leopard gecko (D:4)
  4 frilled lizards (D:4)
6 creatures vanquished.

Grand Total: 75 creatures vanquished

Notes
Turn   | Place    | Note
-------+----------+-------------------------------------------
     0 | D:1      | hotel309 the Hill Orc Fighter began the quest for the Orb.
     0 | D:1      | Reached XP level 1. HP: 19/19 MP: 1/1
    63 | D:1      | Reached XP level 2. HP: 24/27 MP: 2/2
   627 | D:2      | Reached skill level 3 in Axes
   627 | D:2      | Reached XP level 3. HP: 18/33 MP: 3/3
   854 | D:2      | Found a shadowy altar of Dithmenos.
  1444 | D:3      | Reached XP level 4. HP: 40/40 MP: 4/4
  1497 | D:3      | Reached skill level 4 in Axes
  1975 | D:4      | Noticed an ogre
  1987 | D:4      | Killed an ogre
  1987 | D:4      | Reached XP level 5. HP: 28/47 MP: 5/5
  1995 | D:4      | Reached skill level 5 in Axes
  2176 | D:4      | Reached XP level 6. HP: 34/53 MP: 6/6
  2237 | D:4      | HP: 2/53 [poisoned by a worker ant]
  2335 | D:4      | Became a worshipper of Beogh the Brigand
  2364 | D:4      | Slain by an iguana

Skill      XL: |  1  2  3  4  5 |
---------------+----------------+-----
Axes           | 3 4 5 |  5.9
Fighting       | 4 |  4.4
Armour         | 4 |  4.1
Shields        | 4 |  4.3
Dodging        | |  0.7
Stealth        | |  0.1

Action                   |  1- 3 |  4- 6 || total
-------------------------+-------+-------++-------
Melee: War axe           |   113 |    99 ||   212
Invok: Convert to Beogh  |       |     1 ||     1
  Use: Scroll            |     5 |     1 ||     6
       Potion            |       |     1 ||     1
  Eat: Ration            |     1 |       ||     1
       Chunk             |       |     2 ||     2
Armor: Scale mail        |    74 |    47 ||   121
       Chain mail        |       |     7 ||     7
       Skin              |       |    11 ||    11
Dodge: Dodged            |    71 |    35 ||   106
Block: Shield            |    34 |    53 ||    87
